[Event "*** Titled Tuesday Blitz"]
[Site "Chess.com"]
[Date "2020.05.12"]
[Round "9"]
[White "Andreikka"]
[Black "VincentKeymer"]
[Result "0-1"]
[WhiteElo "2932"]
[BlackElo "2763"]
[TimeControl "180+1"]
[EndTime "11:42:50 PDT"]
[Termination "VincentKeymer won by resignation"]

1. c4 e6 2. Nc3 d5 3. d4 Nf6 4. cxd5 Nxd5 5. e4 Nxc3 6. bxc3 c5 7. Nf3 cxd4 8. cxd4 Bb4+ 9. Bd2 Bxd2+ 10. Qxd2 O-O 11. Bc4 Nd7 12. O-O b6 13. Rad1 Bb7 14. Rfe1 Rc8 15.
Bb3 h6 16. h3 Nf6 17. Qf4 Qc7 18.
Ne5 Nd7 19. Ba4 Nxe5 20. dxe5 Rfd8 21. Rd6 Qc4 22. Bb3 Qb4 23. Re3 Rxd6 24. exd6 Rd8 25. Rd3 Qxe4 26. Qg3 Bd5 27. Bxd5 exd5 28. Re3 Qb1+ 29.
Kh2 Qb4 30. d7 Rxd7 31. Re8+ Kh7 32. Qd3+ g6 33. g3 d4 34. Qe4 Qd6 35. Qd3 Rd8 36. Re2 Qf6 37. Kg2 h5 38. h4 Kg7 39. Rd2 Qf5 40. Qxf5 gxf5 41. Kf3 Kf6 42. Kf4 d3 43. Ke3 Ke5 44. Rxd3 Rxd3+ 45. Kxd3 f4 46. Ke2 fxg3 47. fxg3 Kf5 48. Kf3 b5 0-1

[Event "*** Titled Tuesday Blitz"]
[Site "Chess.com"]
[Date "2020.05.12"]
[Round "9"]
[White "gahryman"]
[Black "gmcorrales"]
[Result "1-0"]
[WhiteElo "2668"]
[BlackElo "2780"]
[TimeControl "180+1"]
[EndTime "11:42:50 PDT"]
[Termination "gahryman won by resignation"]

1. d4 Nf6 2. Nf3 g6 3. Bg5 Bg7 4. Nbd2 d5 5. e3 O-O 6. Bd3 b6 7. O-O Bb7 8. Ne5 Nbd7 9. f4 c5 10. c3 a6 11. a4 Ne8 12. Bh4 Nd6 13. Rf3 f6 14. Nxg6 hxg6 15. Bxg6 Rf7 16. Rh3 Nf8 17.
f5 e6 18. Bxf7+ Nxf7 19. Qh5 exf5 20. Rf1 Bc8 21. Rg3 Ra7 22. Nf3 Nh7 23. a5 bxa5 24.
dxc5 Nfg5 25. Nd4 Bd7 26. Nxf5 Bxf5 27. Rxf5 Qe7 28. Rxd5 Rd7 29. Qd1 Rxd5 30. Qxd5+ Nf7 31. c6 Nf8 32. c7 Qxc7 33. Bxf6 Qxg3 34. hxg3 Bxf6 35. Qxa5 Be5 36. Qxa6 Kg7 37. Qc4 Nd7 38. Qg4+ Kf6 39. Qxd7 Ng5 40. g4 Ne6 41. Qd3 Ke7 42. b4 Bd6 43. Qf5 Kd7 44. g5 Ke7 45. g6 Be5 46.
Qf7+ Kd6 47. c4 Bg7 48. c5+ Ke5 49. c6 Bh6 50. c7 Bxe3+ 51. Kh1 Nxc7 52. Qe7+ Ne6 53.
g7 1-0

[Event "*** Titled Tuesday Blitz"]
[Site "Chess.com"]
[Date "2020.05.12"]
[Round "9"]
[White "stolencandy13"]
[Black "CakeinSpace2002"]
[Result "1-0"]
[WhiteElo "2525"]
[BlackElo "2259"]
[TimeControl "180+1"]
[EndTime "11:42:51 PDT"]
[Termination "stolencandy13 won by resignation"]

1. e4 g6 2. d4 Bg7 3. Nc3 c6 4. Nf3 d5 5. h3 Nh6 6. Bf4 f6 7. exd5 cxd5 8. Nb5 Na6 9. c4 Nf7 10. cxd5 Qxd5 11. Nc3 Qd8 12. Bc4 O-O 13. Qb3 e6 14. O-O Re8 15. Rfe1 Qb6 16. Qxb6 axb6 17. Nd5 Rd8 18. Nxb6 Ra7 19. Bb8 Nxb8 20. Nxc8 Rxc8 21. Bxe6 Rd8 22. Rac1 Kf8 23. Rc7 Nd6 24. a3 Na6 25.
Rc2 b6 26. Rc6 Rb7 27. Rec1 Nb8 28. Rc7 Rxc7 29. Rxc7 Re8 30. d5 h6 31. Nh4 Rxe6 32. dxe6 Na6 33. Nxg6+ Kg8 34. Rc6 Nf5 35. g4 Nd4 36.
Rxb6 Nc5 37. e7 Kf7 38. Rb8 1-0

[Event "*** Titled Tuesday Blitz"]
[Site "Chess.com"]
[Date "2020.05.12"]
[Round "9"]
[White "Dinamo81"]
[Black "WhiteCapital80"]
[Result "1-0"]
[WhiteElo "2615"]
[BlackElo "2451"]
[TimeControl "180+1"]
[EndTime "11:42:51 PDT"]
[Termination "Dinamo81 won by resignation"]

1. d4 e6 2. e4 d5 3. exd5 exd5 4. Nf3 Nf6 5. Bd3 Be7 6. O-O O-O 7. Bg5 Bg4 8. Nbd2 Nbd7 9. c3 c6 10. Qc2 Bh5 11. Ne5 Bg6 12. Nxg6 hxg6 13. f4 Ng4 14. Bxe7 Qxe7 15. Rae1 Qh4 16. Nf3 Qh6 17. h3 Ngf6 18. Ne5 Rfe8 19. Re2 Re7 20. Ng4 Nxg4 21. Rxe7 Ngf6 22.
Qe2 Nf8 23. Rxb7 Ne6 24. f5 gxf5 25. Bxf5 Ng5 26. Re7 Rf8 27. Qe3 Qh5 28. Re5 Qh6 29.
Bd3 Nge4 30. Qxh6 gxh6 31. Bxe4 Nxe4 32. Rf3 Rb8 33. b3 Rd8 34. Re7 Ra8 35. Rfxf7 a5 36.
Rg7+ Kf8 37. Rh7 Kg8 38. Reg7+ Kf8 39. Rh8+ Kxg7 40. Rxa8 Nxc3 41. Rxa5 Kf6 42. Rc5 Kf5 43.
Rxc3 1-0

[Event "*** Titled Tuesday Blitz"]
[Site "Chess.com"]
[Date "2020.05.12"]
[Round "9"]
[White "ehrenfeld"]
[Black "pawel83"]
[Result "1/2-1/2"]
[WhiteElo "2490"]
[BlackElo "2367"]
[TimeControl "180+1"]
[EndTime "11:42:51 PDT"]
[Termination "Game drawn - insufficient material"]

1. e4 e5 2. Nc3 Nc6 3. Bc4 Nf6 4.
d3 Bb4 5. Ne2 d6 6. O-O Be6 7. Bxe6 fxe6 8. h3 Qd7 9. f4 exf4 10.
Nxf4 O-O 11. Bd2 Bxc3 12. Bxc3 e5 13. Nh5 Nxh5 14. Qxh5 g6 15. Qh6 Qg7 16. Qxg7+ Kxg7 17. Rxf8 Rxf8 18. Re1 a5 19. a4 b6 20. Bd2 Nd4 21.
c3 Nb3 22. Be3 Rb8 23. Kf2 b5 24. axb5 Rxb5 25. Ke2 Nc5 26. Rb1 Na4 27. Kd2 Rxb2+ 28. Rxb2 Nxb2 29. Ba7 Na4 30. Bb8 Nc5 31. Bxc7 Nb7 32.
Kc2 Kf6 33. Kb3 Kg5 34. g3 h5 35. Ka4 h4 36. gxh4+ Kxh4 37. Kb5 Kxh3 38. d4 exd4 39. cxd4 g5 40. e5 dxe5 41. dxe5 a4 42. e6 a3 43. e7 a2 44. e8=Q a1=Q 45. Qh5+ Kg2 46. Qxg5+ Kf2 47. Qf4+ Ke2 48. Qe4+ Kf2 49. Bb6+ Kg3 50.
Qxb7 Qb2+ 51. Kc6 Qg2+ 52. Kc7 Qxb7+ 53. Kxb7 1/2-1/2

[Event "*** Titled Tuesday Blitz"]
[Site "Chess.com"]
[Date "2020.05.12"]
[Round "9"]
[White "Milchone1"]
[Black "Mbneu"]
[Result "0-1"]
[WhiteElo "2459"]
[BlackElo "2270"]
[TimeControl "180+1"]
[EndTime "11:42:51 PDT"]
[Termination "Mbneu won by checkmate"]

1. Nf3 c5 2. c3 b6 3. d4 Bb7 4.
Bf4 d6 5. e3 Nd7 6. Nbd2 f6 7.
h3 e5 8. Bg3 Nh6 9. dxc5 Nxc5 10. Bb5+ Kf7 11. b4 Ne6 12. e4 Rc8 13. Qb3 d5 14.
exd5 Bxd5 15. c4 Bb7 16. O-O a6 17. Ba4 Nf5 18. Rad1 Nfd4 19. Nxd4 Nxd4 20. Qb1 g6 21. Bb3 Kg7 22. Rfe1 Bxb4 23. Re3 Qe7 24. f4 Nf5 25. Bf2 Nxe3 26. Bxe3 Bc5 27. Nf1 Rhd8 28. fxe5 Qxe5 29.
Bxc5 Qxc5+ 30. Kh2 Qf2 31. Qc2 Qxc2 32. Bxc2 Rxd1 33.
Bxd1 Rxc4 34. Ne3 Rd4 35. Bf3 Bxf3 36. gxf3 Rd2+ 37. Kg3 Rxa2 38. Nc4 b5 39. Nb6 b4 40.
Kf4 b3 41. Nd7 b2 42. Nc5 b1=Q 43. Ne4 Ra4 44. Ke3 Rxe4+ 45. fxe4 a5 46. e5 a4 47. exf6+ Kxf6 48. h4 a3 49. h5 a2 50. hxg6 a1=Q 51.
gxh7 Qb3+ 52. Ke4 Qaa4# 0-1

[Event "*** Titled Tuesday Blitz"]
[Site "Chess.com"]
[Date "2020.05.12"]
[Round "9"]
[White "IljaJoke"]
[Black "praveenb2002"]
[Result "0-1"]
[WhiteElo "2551"]
[BlackElo "2724"]
[TimeControl "180+1"]
[EndTime "11:42:52 PDT"]
[Termination "praveenb2002 won on time"]

1. d4 d5 2. c4 c6 3. cxd5 cxd5 4.
Bf4 Nc6 5. e3 Nf6 6. Nc3 a6 7.
Be2 Bf5 8. g4 Be4 9. f3 Bg6 10. h4 h5 11. g5 Nd7 12. Nxd5 Qa5+ 13. Nc3 e5 14. dxe5 Ndxe5 15. Qd5 Qb6 16. Qb3 Qxb3 17. axb3 O-O-O 18. Rd1 Bb4 19. Nh3 Bc2 20.
Rxd8+ Rxd8 21. Nf2 Bxb3 22. Ne4 Nc4 23. Bxc4 Bxc4 24.
Kf2 b5 25. g6 f5 26. Ng5 Rd2+ 27. Kg3 Rxb2 28. Rc1 Ne7 29. Be5 Nxg6 30. Bxg7 f4+ 31. exf4 Bd6 32. Nh3 Ne7 33. Ng5 Nf5+ 34. Kh3 Bxf4 35.
Rh1 Bf1+ 0-1

[Event "*** Titled Tuesday Blitz"]
[Site "Chess.com"]
[Date "2020.05.12"]
[Round "9"]
[White "umngqusho"]
[Black "katchesskat"]
[Result "1-0"]
[WhiteElo "2447"]
[BlackElo "2243"]
[TimeControl "180+1"]
[EndTime "11:42:52 PDT"]
[Termination "umngqusho won on time"]

1. e4 c5 2. Nf3 e6 3. d4 cxd4 4. Nxd4 a6 5. Nc3 Qc7 6. Be2 b5 7. O-O Bb7 8. Re1 Nf6 9. Bf3 d6 10. Nd5 Qd8 11. Bg5 Nbd7 12. a4 bxa4 13. c4 h6 14.
Bxf6 gxf6 15. Nxe6 Qc8 16. Bh5 Bxd5 17. exd5 Ne5 18.
f4 Ke7 19. Nd4 Qxc4 20. fxe5 fxe5 21. Rc1 Qa2 22. Qf3 Rh7 23. Rc7+ Kd8 24. Rxf7 Rxf7 25. Qxf7 Be7 26. Nc6+ Kc7 27. Qxe7+ Kb6 28. Qxd6 Qxb2 29.
Nxe5+ Kb5 30. Qc6+ Kb4 31. Nd3+ 1-0

[Event "*** Titled Tuesday Blitz"]
[Site "Chess.com"]
[Date "2020.05.12"]
[Round "9"]
[White "DLR7"]
[Black "vladislavkovalev"]
[Result "0-1"]
[WhiteElo "2716"]
[BlackElo "2899"]
[TimeControl "180+1"]
[EndTime "11:42:53 PDT"]
[Termination "vladislavkovalev won by resignation"]

1. e4 e5 2. Nf3 Nc6 3. Bc4 Nf6 4. Ng5 d5 5. exd5 Na5 6. Bb5+ c6 7. dxc6 bxc6 8. Bd3 Nd5 9. Nf3 Bd6 10. O-O O-O 11.
Nc3 f5 12. Be2 e4 13. Nd4 Qf6 14. Nb3 Nxb3 15. axb3 Qe5 16. g3 f4 17. Bg4 f3 18.
Bxc8 Raxc8 19. Re1 Qf5 20. Re3 Nxe3 21. dxe3 Be5 22.
Qf1 Rcd8 23. Ra4 Bxc3 24. bxc3 c5 25. h3 Rd7 26. Kh2 Kh8 27. c4 Rfd8 28. Bb2 Rd1 29. Qxd1 Rxd1 30. Rxa7 Rh1+ 31. Kxh1 Qxh3+ 0-1

[Event "*** Titled Tuesday Blitz"]
[Site "Chess.com"]
[Date "2020.05.12"]
[Round "9"]
[White "Kirill_Klukin"]
[Black "DariaVoit"]
[Result "1-0"]
[WhiteElo "2696"]
[BlackElo "2544"]
[TimeControl "180+1"]
[EndTime "11:42:53 PDT"]
[Termination "Kirill_Klukin won by checkmate"]

1. d4 Nf6 2. Nf3 e6 3. e3 b6 4. Bd3 Bb7 5. O-O d5 6. c4 dxc4 7. Bxc4 Nbd7 8. Qe2 c5 9. Rd1 Rc8 10. Nc3 Be7 11. a3 O-O 12. dxc5 Rxc5 13. b4 Rh5 14. Bb2 Qa8 15. Nb5 Rc8 16. Rac1 Qb8 17. Nbd4 Bd6 18. h3 Ne5 19. Nxe5 Bxe5 20. f4 Bxd4 21.
Bxd4 Rh6 22. Bd3 Ne4 23. Qb2 Rg6 24. Be5 Qa8 25. Rxc8+ Qxc8 26. Rc1 Qd8 27. Qd4 Qxd4 28. Bxd4 h5 29. Rc7 Bd5 30. Rxa7 Rg3 31. Rc7 Nd2 32. Rc8# 1-0

[Event "*** Titled Tuesday Blitz"]
[Site "Chess.com"]
[Date "2020.05.12"]
[Round "9"]
[White "NemtsevIgor"]
[Black "fish7728"]
[Result "1-0"]
[WhiteElo "2294"]
[BlackElo "2065"]
[TimeControl "180+1"]
[EndTime "11:42:53 PDT"]
[Termination "NemtsevIgor won by resignation"]

1. d4 d5 2. Bf4 Nf6 3. e3 e6 4.
Nf3 b6 5. Nbd2 Bb7 6. Bd3 Be7 7.
Ne5 Nbd7 8. Qf3 Nxe5 9. Bxe5 O-O 10. Qh3 g6 11. g4 c5 12. c3 cxd4 13. exd4 Nd7 14.
Nf3 f6 15. Bf4 e5 16. O-O-O exf4 17. g5 f5 18. Rde1 Bd6 19. Qg2 Re8 20. h4 Rxe1+ 21. Nxe1 Qf8 22. h5 Re8 23. hxg6 hxg6 24. Qh3 Qg7 25.
Nf3 a6 26. Qf1 b5 27. Rh6 Nf8 28. Bxf5 gxf5 29. Rxd6 Qe7 30. Rb6 Bc8 31. Ne5 Nd7 32.
Rg6+ Kf8 33. Qh3 Qd8 34. Qh8+ Ke7 35. Qh7+ 1-0

[Event "*** Titled Tuesday Blitz"]
[Site "Chess.com"]
[Date "2020.05.12"]
[Round "9"]
[White "annacramling"]
[Black "Gevo1990"]
[Result "0-1"]
[WhiteElo "1866"]
[BlackElo "2595"]
[TimeControl "180+1"]
[EndTime "11:42:53 PDT"]
[Termination "Gevo1990 won by resignation"]

1. d4 d6 2. Nf3 Nf6 3. c4 g6 4.
Nc3 Bg7 5. e4 O-O 6. h3 e5 7. d5 Ne8 8. g4 a5 9. Be3 Na6 10. Nd2 f6 11. Be2 f5 12. gxf5 gxf5 13. exf5 Bxf5 14. Nde4 Kh8 15. Qd2 Bxe4 16. Nxe4 Nf6 17.
Ng5 Qd7 18. Bg4 Qe7 19. Ne6 Rf7 20. O-O-O Ne4 21. Qe2 Nac5 22. Nxg7 Rxg7 23. Bh6 Rg6 24. Be3 Rf8 25. Rhg1 Qg7 26. f3 Ng5 27. h4 Nf7 28. Bh5 Rxg1 29. Rxg1 Qf6 30. Bxc5 dxc5 31. Qg2 Nd6 32.
Qg5 Qxg5+ 33. Rxg5 Nxc4 34. b3 Nd6 35. Rxe5 Rf5 36. Rxf5 Nxf5 37. Bg4 Nd6 38. Kd2 Kg7 39. Ke3 Kf6 40. Kf4 b5 41. a3 c4 42. bxc4 Nxc4 43.
Ke4 Nxa3 44. Bd7 Nc4 45. Bxb5 Nd6+ 46. Kd4 Nxb5+ 47. Kc5 Nd6 48. Kc6 a4 49. Kxc7 a3 50. Kxd6 a2 51. Kc7 a1=Q 52. d6 Qc3+ 53. Kb7 Ke6 54.
d7 Kxd7 0-1

[Event "*** Titled Tuesday Blitz"]
[Site "Chess.com"]
[Date "2020.05.12"]
[Round "9"]
[White "vaishali2001"]
[Black "kleopl"]
[Result "1-0"]
[WhiteElo "2637"]
[BlackElo "2407"]
[TimeControl "180+1"]
[EndTime "11:42:54 PDT"]
[Termination "vaishali2001 won by resignation"]

1. e4 d5 2. exd5 Qxd5 3. Nc3 Qd6 4. d4 Nf6 5. Bc4 a6 6. Nf3 b5 7. Bb3 Bb7 8. O-O e6 9. Re1 c5 10. a4 b4 11. Na2 a5 12. c3 Be7 13. Ne5 cxd4 14. cxd4 Nc6 15. Nxf7 Kxf7 16. Rxe6 Qxe6 17. d5 Qd6 18. dxc6+ Kf8 19. cxb7 Qxd1+ 20. Bxd1 Rb8 21. Bf3 Bd6 22. Be3 Ke7 23. Nc1 Ke6 24. Nb3 Nd5 25. Nd4+ Ke5 26. Nc6+ Ke6 27. Nxb8 Rxb8 28. Bxd5+ Kxd5 29. Rd1+ Kc6 30. Rxd6+ 1-0

[Event "*** Titled Tuesday Blitz"]
[Site "Chess.com"]
[Date "2020.05.12"]
[Round "9"]
[White "Trickov"]
[Black "ClassyEl"]
[Result "0-1"]
[WhiteElo "2313"]
[BlackElo "2525"]
[TimeControl "180+1"]
[EndTime "11:42:55 PDT"]
[Termination "ClassyEl won by resignation"]

1. d4 Nf6 2. Nf3 e6 3. g3 b6 4. Bg2 Bb7 5. O-O Be7 6. c4 O-O 7. Nc3 Ne4 8. d5 Nxc3 9. bxc3 d6 10. Nd4 e5 11. Nf5 Bf6 12. e4 a5 13. Qe2 Ba6 14. h3 g6 15. Nh6+ Kh8 16. Ng4 Bg7 17. Ne3 Nd7 18.
Bd2 Nc5 19. Rae1 Qd7 20. Kh2 Qa4 21. Bc1 Rae8 22. Rd1 f5 23. exf5 gxf5 24. Qh5 Qd7 25. h4 f4 26. Bh3 Qf7 27. Qxf7 Rxf7 28. Nf5 Bxc4 29. Rfe1 fxg3+ 30. fxg3 Bxa2 31. Nxg7 Kxg7 32. Bg4 Ref8 33. h5 Rf2+ 34. Kh3 Bb3 35. h6+ Kg8 36. Rd2 Rxd2 37. Bxd2 Bxd5 38. Bg5 Ne4 39. Be3 Nf2+ 40. Kh4 Nxg4 41. Kxg4 b5 42. Rd1 Bf3+ 0-1

[Event "*** Titled Tuesday Blitz"]
[Site "Chess.com"]
[Date "2020.05.12"]
[Round "9"]
[White "GMJustin"]
[Black "amiralfio"]
[Result "0-1"]
[WhiteElo "2338"]
[BlackElo "2473"]
[TimeControl "180+1"]
[EndTime "11:42:55 PDT"]
[Termination "amiralfio won on time"]

1. d4 f5 2. Bg5 g6 3. Nc3 Bg7 4.
e3 Nf6 5. h4 d5 6. h5 Ne4 7.
Nxe4 fxe4 8. hxg6 hxg6 9. Rxh8+ Bxh8 10. Ne2 Be6 11. Nf4 Bf7 12. c4 c6 13. cxd5 cxd5 14.
Bb5+ Nc6 15. Bxc6+ bxc6 16. Qg4 c5 17. Qh3 Bf6 18. Bxf6 exf6 19. Kf1 cxd4 20. exd4 Ke7 21. Kg1 Rc8 22. Qa3+ Qd6 23. Qxd6+ Kxd6 24. b3 Rc2 25. a4 g5 26. Nh3 Be6 27. Rd1 Rb2 28. a5 Rxb3 0-1

[Event "*** Titled Tuesday Blitz"]
[Site "Chess.com"]
[Date "2020.05.12"]
[Round "9"]
[White "wanyaland"]
[Black "Glidzhian_Gor"]
[Result "1-0"]
[WhiteElo "2338"]
[BlackElo "2438"]
[TimeControl "180+1"]
[EndTime "11:42:55 PDT"]
[Termination "wanyaland won by resignation"]

1. d4 Nf6 2. c4 c5 3. d5 b5 4. cxb5 a6 5. Nc3 axb5 6. e4 b4 7. Nb5 d6 8. Bf4 Bg4 9. f3 Nh5 10. Be3 Bd7 11. e5 Qa5 12. a4 bxa3+ 13. Bd2 Qb6 14.
Rxa3 Rxa3 15. Nxa3 dxe5 16. Nc4 Qc7 17. Ba5 Qa7 18. Bb6 Qb7 19. Bxc5 Nf6 20. d6 exd6 21. Nxd6+ Bxd6 22. Qxd6 Nc6 23. b4 Qb8 24. b5 Qxd6 25. Bxd6 Nd4 26. b6 Bc6 27. Bxe5 Ne6 28. Ba6 Ke7 29.
b7 Nd7 30. Bc3 Nec5 31. Be2 Bxb7 32. Nh3 Ra8 33. Nf4 Ne6 34. Nxe6 fxe6 35. O-O e5 36. Rd1 Bc6 37. Bd3 Ra3 38. Bb4+ 1-0

[Event "*** Titled Tuesday Blitz"]
[Site "Chess.com"]
[Date "2020.05.12"]
[Round "9"]
[White "kismet6"]
[Black "L_lorenzo"]
[Result "1-0"]
[WhiteElo "1953"]
[BlackElo "2197"]
[TimeControl "180+1"]
[EndTime "11:42:55 PDT"]
[Termination "kismet6 won by checkmate"]

1. e4 c5 2. Nf3 g6 3. d4 cxd4 4. Qxd4 Nf6 5. e5 Nc6 6. Qa4 Nd5 7. Qe4 Nb6 8. Nc3 Bg7 9. Bf4 O-O 10. O-O-O f6 11.
e6 d6 12. h4 Qe8 13. h5 g5 14.
Bxg5 fxg5 15. Nxg5 Rf6 16. Qxh7+ Kf8 17. h6 Qg6 18.
hxg7+ Qxg7 19. Qh8+ Qxh8 20. Rxh8+ Kg7 21. Rh7+ Kg6 22. Bd3+ Kxg5 23. Ne4+ Kf4 24. Nxf6 exf6 25. g3+ Kf3 26. e7 Bd7 27. Rd2 Re8 28. Rh4 Nxe7 29.
Rf4+ Kg2 30. Be4+ Kf1 31. Rd1+ Ke2 32. Bd3# 1-0

[Event "*** Titled Tuesday Blitz"]
[Site "Chess.com"]
[Date "2020.05.12"]
[Round "9"]
[White "Khayala13"]
[Black "RitvarsReimanis"]
[Result "0-1"]
[WhiteElo "2356"]
[BlackElo "2485"]
[TimeControl "180+1"]
[EndTime "11:42:56 PDT"]
[Termination "RitvarsReimanis won by resignation"]

1. e4 c5 2. c3 Nf6 3. e5 Nd5 4. Nf3 Nc6 5. Bc4 e6 6. d4 cxd4 7. cxd4 d6 8. O-O Be7 9. Qe2 O-O 10. Rd1 Bd7 11. Nc3 Nxc3 12. bxc3 Qa5 13. exd6 Bxd6 14. Bd3 Be7 15. c4 Bf6 16. Bb2 Ne7 17. Re1 Ng6 18.
d5 Bxb2 19. Qxb2 exd5 20. Qxb7 Be6 21. Bxg6 hxg6 22. Nd4 dxc4 23. Nc6 Qc3 24. Ne7+ Kh7 25. Rac1 Qf6 26. Re3 Rfe8 27. Nc6 Bd5 28. Rh3+ Kg8 29. Ne7+ Qxe7 30. Qxd5 Qe1+ 0-1

[Event "*** Titled Tuesday Blitz"]
[Site "Chess.com"]
[Date "2020.05.12"]
[Round "9"]
[White "Vuk2000"]
[Black "axvesik"]
[Result "0-1"]
[WhiteElo "2621"]
[BlackElo "2529"]
[TimeControl "180+1"]
[EndTime "11:42:58 PDT"]
[Termination "axvesik won on time"]

1. d4 Nf6 2. Bg5 e6 3. e4 h6 4.
Bxf6 Qxf6 5. c3 d5 6. Bd3 c5 7. Nf3 Nc6 8. O-O cxd4 9. cxd4 dxe4 10. Bxe4 Bd6 11. Bxc6+ bxc6 12. Nc3 O-O 13. Ne4 Qe7 14. Nxd6 Qxd6 15. Qc2 Ba6 16. Rfc1 Rac8 17. Qc5 Rfd8 18. Qxa7 Be2 19. Ne5 f6 20. Nc4 Qxd4 21. Qxd4 Rxd4 22.
Ne3 Rd2 23. b4 Bd3 24. Rd1 Rxd1+ 25. Rxd1 Bb5 26. Rd2 Ra8 27. Rb2 Kf7 28. h3 e5 29.
f3 Ke6 30. g4 g6 31. Kf2 f5 32.
Ng2 Ra3 33. Nh4 Kf6 34. Rd2 Bc4 35. Rd6+ Be6 36. Nxg6 Rxa2+ 37. Kg3 f4+ 38. Kh4 Rf2 0-1

[Event "*** Titled Tuesday Blitz"]
[Site "Chess.com"]
[Date "2020.05.12"]
[Round "9"]
[White "Riptide27"]
[Black "Piotrek1979"]
[Result "1-0"]
[WhiteElo "2594"]
[BlackElo "2367"]
[TimeControl "180+1"]
[EndTime "11:42:58 PDT"]
[Termination "Riptide27 won on time"]

1. d4 Nf6 2. c4 c5 3. d5 e5 4.
Nc3 d6 5. e4 Be7 6. Be2 Nbd7 7.
Nf3 h5 8. a3 h4 9. h3 Nf8 10. b4 b6 11. bxc5 bxc5 12. Rb1 Ng6 13. Qa4+ Bd7 14. Qa6 Bc8 15. Qc6+ Bd7 16. Qb7 a6 17.
Bd1 O-O 18. O-O Nh5 19. Ba4 Bxa4 20. Nxa4 Nhf4 21. Bxf4 Nxf4 22. Nb6 Rb8 23. Qc6 Ne2+ 24. Kh1 Nc3 25. Rb3 Nxe4 26. a4 f5 27. a5 g5 28.
Re3 Rf7 29. Kg1 Bf8 30. Rfe1 Rc7 31. Qa4 Rcb7 32. Rxe4 fxe4 33. Rxe4 Rxb6 34. axb6 Rxb6 35. Nxg5 Bh6 36. Ne6 Rb1+ 37. Kh2 Qf6 38. Rg4+ Kh7 39. Qd7+ Kh8 40. Qe8+ Bf8 41. Nxf8 1-0

[Event "*** Titled Tuesday Blitz"]
[Site "Chess.com"]
[Date "2020.05.12"]
[Round "9"]
[White "Euwe1234"]
[Black "petincash"]
[Result "0-1"]
[WhiteElo "2225"]
[BlackElo "2377"]
[TimeControl "180+1"]
[EndTime "11:42:59 PDT"]
[Termination "petincash won by resignation"]

1. e4 c5 2. Nf3 g6 3. d4 cxd4 4. Nxd4 Bg7 5. c4 Nc6 6. Be3 Nf6 7. Nc3 O-O 8. Be2 b6 9. O-O Bb7 10. f3 e6 11. Qd2 d5 12. cxd5 exd5 13. Nxc6 Bxc6 14.
e5 Nd7 15. f4 Nc5 16. Rac1 Bb7 17. Rfd1 f6 18. exf6 Qxf6 19. Bf3 Ne4 20. Bxe4 dxe4 21. Qd7 Rf7 22. Qb5 Raf8 23. Qc4 Kh8 24. g3 Qf5 25. Bd4 e3 26. Bxe3 Rc8 27. Qd3 Qh3 28. Rd2 Kg8 29.
Nd1 Rxc1 30. Qb3 Rc8 31. Nc3 Bxc3 32. bxc3 Qf5 33. Rd4 Re8 34. Kf2 Qh3 0-1

[Event "*** Titled Tuesday Blitz"]
[Site "Chess.com"]
[Date "2020.05.12"]
[Round "9"]
[White "Fy_Rakotomaharo"]
[Black "pedroholly22"]
[Result "1-0"]
[WhiteElo "2657"]
[BlackElo "2473"]
[TimeControl "180+1"]
[EndTime "11:43:00 PDT"]
[Termination "Fy_Rakotomaharo won by resignation"]

1. e4 c5 2. Nf3 Nc6 3. Bb5 g6 4. O-O Bg7 5. c3 Nf6 6. Re1 O-O 7. h3 Ne8 8. d4 cxd4 9. cxd4 Nc7 10. Bf1 d5 11. e5 Bf5 12. Nc3 Rc8 13. Nh4 Be6 14.
f4 Qd7 15. b3 f6 16. Nf3 a6 17.
Na4 Qd8 18. Nc5 b6 19. Nxe6 Nxe6 20. Bxa6 Rc7 21. Be3 fxe5 22. fxe5 h6 23. Bd3 g5 24.
Rc1 Nb4 25. Bb1 Nf4 26. Bxf4 Rxf4 27. Qd2 Nc6 28. Qd3 e6 29. Rc3 Nb4 30. Qh7+ Kf8 31.
Rec1 Rxc3 32. Rxc3 Qa8 33. Qg6 Qe8 34. Qxe8+ Kxe8 35. a3 Na6 36. Bd3 Nb8 37. Rc8+ Kd7 38. Rxb8 h5 39.
Rb7+ Kd8 40. Rxg7 g4 41. hxg4 hxg4 42. Ng5 g3 43. Nxe6+ 1-0

[Event "*** Titled Tuesday Blitz"]
[Site "Chess.com"]
[Date "2020.05.12"]
[Round "9"]
[White "S_Kalvaitis"]
[Black "Ashedu66"]
[Result "1-0"]
[WhiteElo "2358"]
[BlackElo "2124"]
[TimeControl "180+1"]
[EndTime "11:43:00 PDT"]
[Termination "S_Kalvaitis won on time"]

1. e4 e5 2. Nf3 Nc6 3. d4 exd4 4. Nxd4 Bb4+ 5. Bd2 Qe7 6. Nxc6 Qxe4+ 7. Be2 Bxd2+ 8. Nxd2 Qxc6 9. O-O d6 10. Re1 Be6 11. Bf3 Qa6 12. Ne4 Ne7 13. Ng5 O-O 14. Nxe6 fxe6 15. Rxe6 Ng6 16. Bd5 Kh8 17. Rxg6 hxg6 18. Qg4 Rf5 19.
Be4 Rh5 20. Bxg6 Rh6 21. Re1 Qxa2 22. h4 Rf8 23. h5 Qxb2 24. Qd7 Qf6 25. f3 Rxg6 26.
hxg6 Qxg6 27. Qxc7 Rxf3 28. Qd8+ Kh7 29. Re8 Qg3 30. Rh8+ Kg6 31. Qe8+ Rf7 32. Qe4+ Kf6 33.
Rh3 Qe5 34. Rf3+ Ke6 35. Qc4+ 1-0

[Event "*** Titled Tuesday Blitz"]
[Site "Chess.com"]
[Date "2020.05.12"]
[Round "9"]
[White "uchenic"]
[Black "MYMChessAcademy"]
[Result "1-0"]
[WhiteElo "2448"]
[BlackElo "2225"]
[TimeControl "180+1"]
[EndTime "11:43:01 PDT"]
[Termination "uchenic won by resignation"]

1. d4 Nf6 2. c4 g6 3. Nc3 Bg7 4. e4 d6 5. Nf3 O-O 6. Be2 e5 7.
dxe5 dxe5 8. Qxd8 Rxd8 9. Bg5 Re8 10. O-O-O Nbd7 11. Nd2 c6 12. Be3 Bf8 13. Nb3 a5 14. a4 Bb4 15. f3 b6 16. Kc2 Ba6 17. Rd2 Rab8 18. Rhd1 Nf8 19. g4 Ne6 20. g5 Nh5 21. Rd7 Nhf4 22. Ra7 Ra8 23. Rxa8 Rxa8 24. Bf1 Nxg5 25. Bxb6 Nxf3 26. Bxa5 c5 27. Bxb4 cxb4 28. Nd5 Rc8 29. Ne7+ Kg7 30. Nxc8 Nxh2 31. Nd6 h5 32. Nc5 Ng4 33. Nxa6 Ne3+ 34. Kc1 Nxd1 35. Kxd1 h4 36. c5 g5 37. c6 Ne6 38. c7 Nxc7 39. Nxc7 Kf6 40.
Nf5 Kg6 41. Nd5 Kh5 42. Nf6+ Kg6 43. Ng4 f6 44. Bh3 b3 45. Kd2 Kf7 46. a5 Kg6 47. a6 Kh5 48. a7 1-0

[Event "*** Titled Tuesday Blitz"]
[Site "Chess.com"]
[Date "2020.05.12"]
[Round "9"]
[White "SaySpade4VIP"]
[Black "okriak"]
[Result "1-0"]
[WhiteElo "2678"]
[BlackElo "2785"]
[TimeControl "180+1"]
[EndTime "11:43:02 PDT"]
[Termination "SaySpade4VIP won by resignation"]

1. e4 e5 2. Nf3 Nc6 3. Bb5 a6 4. Ba4 Nf6 5. O-O Be7 6. d3 d6 7.
c3 O-O 8. Nbd2 Nd7 9. Bc2 Bf6 10. b4 g6 11. a4 Bg7 12. Nc4 Kh8 13. a5 f5 14. Bg5 Qe8 15. Ne3 h6 16. Nd5 hxg5 17.
Nxc7 Qd8 18. Nxa8 g4 19. Nd2 Bh6 20. Nc4 Nf6 21. Nab6 Be6 22. d4 exd4 23. cxd4 Nxb4 24. d5 Nxc2 25. Qxc2 Bc8 26. e5 Ne4 27. Nxd6 Nxd6 28. exd6 Bf4 29. Qxc8 Bxh2+ 30. Kh1 Qf6 31. d7 Be5 32. g3 Bxa1 33. Re1 Qd6 34. Qxf8+ Qxf8 35. Re8 1-0

[Event "*** Titled Tuesday Blitz"]
[Site "Chess.com"]
[Date "2020.05.12"]
[Round "9"]
[White "CroissantNeuf"]
[Black "Flawless_Fighter"]
[Result "1-0"]
[WhiteElo "2362"]
[BlackElo "2465"]
[TimeControl "180+1"]
[EndTime "11:43:02 PDT"]
[Termination "CroissantNeuf won by resignation"]

1. Nf3 Nf6 2. g3 e6 3. Bg2 d5 4.
d4 Be7 5. c4 O-O 6. Nc3 dxc4 7.
Ne5 c5 8. dxc5 Qxd1+ 9. Nxd1 Bxc5 10. Nc3 Nc6 11. Nxc4 Rd8 12. O-O Bd7 13. Bf4 Be8 14.
Rfd1 Ng4 15. Ne4 Be7 16. h3 Nf6 17. Ned6 e5 18. Nxe8 exf4 19. Nxf6+ Bxf6 20. gxf4 Nd4 21. Kf1 Rac8 22. Ne5 b5 23. e3 Ne6 24. Rac1 Rxd1+ 25. Rxd1 Rc2 26. Bd5 Rxb2 27. Nxf7 Kxf7 28. f5 Bh4 29. Bxe6+ Kf6 30. f4 Rf2+ 31. Kg1 Re2 32.
Rd7 Re1+ 33. Kg2 Re2+ 34. Kf3 Rf2+ 35. Ke4 1-0